 Dungeon Crawl Stone Soup version 0.26-a0-752-gcff87cac9a (webtiles) character file.

Game seed: 16104450524558331827

289 robertstho the Firebug (level 6, -2/44 HPs)
             Began as a Gnoll Fire Elementalist on Nov 6, 2020.
             Slain by Duvessa
             ... wielding a +0 short sword
              (6 damage)
             ... on level 4 of the Dungeon.
             The game lasted 00:06:56 (4270 turns).

robertstho the Firebug (Gnoll Fire Elementalist)    Turns: 4270, Time: 00:06:57

Health: -2/44      AC:  5    Str: 10    XL:     6   Next: 31%
Magic:  8/14       EV: 14    Int: 20    God:
Gold:   64         SH:  0    Dex: 15    Spells: 11/15 levels left

rFire    . . .     SeeInvis .   w - +2 trident (protect)
rCold    + . .     Faith    .   (no shield)
rNeg     . . .     Spirit   .   y - +1 robe {rC+}
rPois    .         Reflect  .   m - +0 helmet
rElec    .         Harm     .   t - +0 cloak
rCorr    .         Rampage  .   (no gloves)
MR       .....                  (no boots)
Stlth    +++.......             (no amulet)
HPRegen  0.14/turn              (no ring)
MPRegen  0.14/turn              (no ring)

@: lightly drained
A: distributed training, fangs 1, strong nose
a: no special abilities


You were on level 4 of the Dungeon.
You visited 1 branch of the dungeon, and saw 4 of its levels.

You collected 155 gold pieces.
You spent 91 gold pieces at shops.

Inventory:

Hand Weapons
 w - a +2 trident of protection (weapon)
Armour
 m - a +0 helmet (worn)
 t - a +0 cloak (worn)
 y - a +1 robe of cold resistance (worn)
Scrolls
 b - a scroll of remove curse
 g - 2 scrolls of enchant weapon {unknown}
 h - 4 scrolls of teleportation {unknown}
 j - 3 scrolls of enchant armour {unknown}
 k - a scroll of amnesia {unknown}
 l - 3 scrolls of random uselessness {unknown}
 q - a scroll of immolation {unknown}
Potions
 a - 2 potions of magic
 c - a potion of ambrosia {unknown}
 d - a potion of degeneration
 e - 3 potions of curing
 n - a potion of might {unknown}
 o - a potion of flight
 p - a potion of lignification
 r - a potion of heal wounds
 s - a potion of mutation
 v - a potion of haste
 z - 2 potions of attraction


   Skills:
 + Level 1.9(1.4) Fighting
 + Level 1.9(1.4) Short Blades
 + Level 1.9(1.4) Long Blades
 + Level 1.9(1.4) Axes
 + Level 1.9(1.4) Maces & Flails
 + Level 1.9(1.4) Polearms
 + Level 1.9(1.4) Staves
 + Level 1.9(1.4) Slings
 + Level 1.9(1.4) Bows
 + Level 1.9(1.4) Crossbows
 + Level 1.9(1.4) Throwing
 + Level 1.9(1.4) Armour
 + Level 4.9(4.5) Dodging
 + Level 4.5(4.1) Stealth
 + Level 1.9(1.4) Shields
 + Level 1.9(1.4) Unarmed Combat
 + Level 5.3(4.8) Spellcasting
 + Level 2.6(2.1) Conjurations
 + Level 1.5(1.0) Hexes
 + Level 1.5(1.0) Summonings
 + Level 1.5(1.0) Necromancy
 + Level 1.5(1.0) Translocations
 + Level 1.5(1.0) Transmutations
 + Level 5.6(5.1) Fire Magic
 + Level 1.5(1.0) Ice Magic
 + Level 1.5(1.0) Air Magic
 + Level 1.5(1.0) Earth Magic
 + Level 1.5(1.0) Poison Magic
 + Level 2.1(1.6) Invocations
 + Level 1.9(1.4) Evocations


You had 11 spell levels left.
You knew the following spells:

 Your Spells              Type           Power        Failure   Level
a - Foxfire               Conj/Fire      ###.         2%          1
b - Conjure Flame         Conj/Fire      ###.....     8%          3

Your spell library contained the following spells:

 Spells                   Type           Power        Failure   Level
 Magic Dart               Conj           ##..         4%          1
 Searing Ray              Conj           ##....       8%          2
 Inner Flame              Hex/Fire       ###.....     10%         3
 Dazzling Flash           Conj/Hex       ##....       19%         3
 Sticky Flame             Conj/Fire      ###.....     26%         4
 Fulminant Prism          Conj/Hex       ##........   52%         4
 Iskenderun's Mystic Bla  Conj/Tloc      ##......     52%         4
 Fireball                 Conj/Fire      ###.......   58%         5


Dungeon Overview and Level Annotations

Branches:
Dungeon (4/15)
 Temple: D:4-7

Altars:
Okawaru

Shops:
D:4 !

Annotations:
D:4 Dowan, Duvessa


Innate Abilities, Weirdness & Mutations

Your experience applies equally to all skills.
You have very sharp teeth.
Your uncanny sense of smell can sniff out nearby items.


Message History

Duvessa barely misses you.
Dowan says, "Magic and the sword, together, will defeat you."
Dowan casts a spell.
Dowan blinks!
Casting: Foxfire (safe; 2% risk of failure)
Confirm with . or Enter, or press ? or * to list all spells.
You conjure some foxfire!
Duvessa hits you with a +0 short sword.
* * * LOW HITPOINT WARNING * * *
Duvessa hits you with a +0 short sword.
* * * LOW HITPOINT WARNING * * *
Your foxfire dissipates!
Dowan smirks and points a slender finger.
Duvessa says, "When magic and the sword combine, nothing stands against them."
Duvessa hits you with a +0 short sword.
* * * LOW HITPOINT WARNING * * *
There is an open door here.
Casting: Foxfire (safe; 2% risk of failure)
Confirm with . or Enter, or press ? or * to list all spells.
You conjure some foxfire!
Duvessa hits you with a +0 short sword.
You die...

..†........##########............
....###.####..........#..........
....###.# ##.#####.#####.........
....#...# #...(..#.# #.........
....#>..# ###....#.# #.........
....#...####.....#.# #.........
....#..............# ##########
....#########..ve####### # ....#
#........@ve....# #
.)).####...##....#####'#### #
'#)....#.....######.......#
.#.###.#...#.# #.......#
.#.###.#.#...# #.......#
.#...........# #...[...#
.###...#.#...# #.(.....#
.#.......#...# #.##'#.##
.#.#.##..#...# #.##.#........


You could see Duvessa (fast) and Dowan.

Vanquished Creatures
  Crazy Yiuf (D:2)
  An orc wizard (D:4)
  Natasha (D:2)
  An iguana (D:4)
  Robin (D:3)
  6 adders
  An ooze (D:3)
  3 worms (D:2)
  A dart slug (D:1)
  A leopard gecko (D:2)
  13 orcs
  7 bats
  2 giant cockroaches (D:1)
  12 goblins
  11 hobgoblins
  7 jackals
  4 quokkas
  5 frilled lizards
  3 kobolds
  7 rats
88 creatures vanquished.

Vanquished Creatures (collateral kills)
  A foxfire (D:1)
1 creature vanquished.

Vanquished Creatures (others)
  268 foxfires
  A fungus (D:2)
269 creatures vanquished.

Grand Total: 358 creatures vanquished

Notes
Turn   | Place    | Note
-------+----------+-------------------------------------------
     0 | D:1      | robertstho the Gnoll Fire Elementalist began the quest for
                  | the Orb.
     0 | D:1      | Reached XP level 1. HP: 13/13 MP: 6/6
    96 | D:1      | Reached XP level 2. HP: 19/19 MP: 0/7
  1251 | D:2      | Reached skill level 5 in Spellcasting
  1251 | D:2      | Reached XP level 3. HP: 25/25 MP: 4/9
  1256 | D:2      | Learned a level 3 spell: Conjure Flame
  1620 | D:2      | Reached skill level 1 in Invocations
  1709 | D:2      | Found a runed translucent door.
  1710 | D:2      | Noticed Crazy Yiuf
  1869 | D:2      | Noticed Natasha
  1879 | D:2      | Killed Natasha
  1879 | D:2      | Reached skill level 1 in Fighting
  1879 | D:2      | Reached skill level 1 in Short Blades
  1879 | D:2      | Reached skill level 1 in Long Blades
  1879 | D:2      | Reached skill level 1 in Axes
  1879 | D:2      | Reached skill level 1 in Maces & Flails
  1879 | D:2      | Reached skill level 1 in Polearms
  1879 | D:2      | Reached skill level 1 in Staves
  1879 | D:2      | Reached skill level 1 in Slings
  1879 | D:2      | Reached skill level 1 in Bows
  1879 | D:2      | Reached skill level 1 in Crossbows
  1879 | D:2      | Reached skill level 1 in Throwing
  1879 | D:2      | Reached skill level 1 in Armour
  1879 | D:2      | Reached skill level 1 in Shields
  1879 | D:2      | Reached skill level 1 in Unarmed Combat
  1879 | D:2      | Reached skill level 1 in Evocations
  1879 | D:2      | Reached XP level 4. HP: 32/32 MP: 6/11
  2079 | D:2      | Reached skill level 1 in Hexes
  2079 | D:2      | Reached skill level 1 in Summonings
  2079 | D:2      | Reached skill level 1 in Necromancy
  2079 | D:2      | Reached skill level 1 in Translocations
  2079 | D:2      | Reached skill level 1 in Transmutations
  2079 | D:2      | Reached skill level 1 in Ice Magic
  2079 | D:2      | Reached skill level 1 in Air Magic
  2079 | D:2      | Reached skill level 1 in Earth Magic
  2079 | D:2      | Reached skill level 1 in Poison Magic
  2439 | D:2      | Reached XP level 5. HP: 37/37 MP: 9/12
  2552 | D:2      | Killed Crazy Yiuf
  2939 | D:3      | Noticed Robin
  2959 | D:3      | Killed Robin
  3391 | D:3      | Reached XP level 6. HP: 44/44 MP: 2/13
  3751 | D:3      | Found an iron altar of Okawaru.
  4013 | D:4      | Found Pofokhui's Distillery.
  4016 | D:4      | Bought a potion of curing for 39 gold pieces
  4016 | D:4      | Bought a potion of degeneration for 13 gold pieces
  4016 | D:4      | Bought a potion of curing for 39 gold pieces
  4248 | D:4      | Noticed Duvessa
  4248 | D:4      | Noticed Dowan
  4270 | D:4      | Slain by Duvessa

Illustrated notes

Levels and vault maps discovered:
D:1:      eino_arrival_cavern_a, layout_loops_cross, serial_bayou_pond_a,
          chequers_serial_rivers_large_a
D:2:      layout_basic, minivault_11, minmay_tiny_reverse_x,
          uniq_crazy_yiuf_cottage, uniq_natasha
D:3:      layout_basic, okawaru_gym_becter, uniq_robin
D:4:      layout_basic, serial_shops, kennysheep_mini_moat, lemuel_tele_altar,
          uniq_duvessa

Skill      XL: |  1  2  3  4  5  6 |
---------------+-------------------+-----
Conjurations   | 2 |  2.6
Spellcasting   | 5 |  5.3
Invocations    | 1 2 |  2.1
Fighting       | 1 |  1.9
Short Blades   | 1 |  1.9
Long Blades    | 1 |  1.9
Axes           | 1 |  1.9
Maces & Flails | 1 |  1.9
Polearms       | 1 |  1.9
Staves         | 1 |  1.9
Slings         | 1 |  1.9
Bows           | 1 |  1.9
Crossbows      | 1 |  1.9
Throwing       | 1 |  1.9
Armour         | 1 |  1.9
Shields        | 1 |  1.9
Unarmed Combat | 1 |  1.9
Evocations     | 1 |  1.9
Hexes          | 1 |  1.5
Summonings     | 1 |  1.5
Necromancy     | 1 |  1.5
Translocations | 1 |  1.5
Transmutations | 1 |  1.5
Ice Magic      | 1 |  1.5
Air Magic      | 1 |  1.5
Earth Magic    | 1 |  1.5
Poison Magic   | 1 |  1.5
Dodging        | |  4.9
Stealth        | |  4.5
Fire Magic     | |  5.6

Action                   |  1- 3 |  4- 6 || total
-------------------------+-------+-------++-------
Melee: Dagger            |    36 |       ||    36
       Bite              |     1 |       ||     1
       Short sword       |       |     1 ||     1
       Quarterstaff      |       |     1 ||     1
       Trident           |       |    14 ||    14
 Cast: Foxfire           |    42 |   122 ||   164
       Conjure Flame     |       |     1 ||     1
  Use: Potion            |       |     2 ||     2
       Scroll            |       |     8 ||     8
 Stab: Sleeping          |     2 |     1 ||     3
Armor: Robe              |     2 |    16 ||    18
Dodge: Dodged            |    34 |    40 ||    74

Table legend: (Time is in decaauts)
 A = Elapsed time spent in this place.
 B = Non-inter-level travel time spent in this place.
 C = Inter-level travel time spent in this place.
 D = Time resting spent in this place.
 E = Time spent auto-exploring this place.
 F = Levels seen in this place.
 G = Mean time per level.
                   A        B        C        D        E       F      G
               +--------+--------+--------+--------+--------+-----+--------+
         Total |   4279 |   4216 |     63 |    332 |   3294 |   4 | 1069.8 |
       Dungeon |   4279 |   4216 |     63 |    332 |   3294 |   4 | 1069.8 |
               +--------+--------+--------+--------+--------+-----+--------+

Top non-repeatable levels by time:
     D:2: 1458 daAuts
     D:3: 1304 daAuts
     D:1: 1189 daAuts
     D:4: 327 daAuts
